 Dungeon Crawl Stone Soup version 0.25-a0-661-g55ea3d2053 (webtiles) character file.

Game seed: 3528906802588421072, levelgen mode: deterministic

31571 Haet the Geomancer (level 13, 0/80 HPs)
             Began as a Gargoyle Earth Elementalist on Mar 23, 2020.
             Was a High Priest of Vehumet.
             Slain by an ice devil (11 damage)
             ... in an ice cave.
             The game lasted 01:03:46 (14307 turns).

Haet the Geomancer (Gargoyle Earth Elementalist)   Turns: 14307, Time: 01:03:47

Health: 0/80       AC: 20    Str: 16    XL:     13   Next: 59%
Magic:  12/26      EV: 15    Int: 27    God:    Vehumet [*****.]
Gold:   921        SH:  0    Dex: 10    Spells: 16/30 levels left

rFire    + . .     SeeInvis .   k - +4 quarterstaff (holy)
rCold    + + .     Gourm    .   (shield currently unavailable)
rNeg     + . .     Faith    .   s - +0 robe {rC+}
rPois    ∞         Spirit   .   z - +2 helmet
rElec    +         Reflect  .   o - +2 cloak
rCorr    .         Harm     .   (no gloves)
MR       .....                  t - +1 pair of boots
Stlth    ++........             (no amulet)
HPRegen  0.23/turn              x - ring of protection from cold
MPRegen  0.20/turn              v - ring of Darkness {rF+ Int+6 Slay+6}

@: no status effects
A: clever 1, negative energy resistance 1, electricity resistance, strong 1,
unbreathing, petrification resistance, rot immunity, AC +9
a: Renounce Religion


You were in an ice cave.
You worshipped Vehumet.
Vehumet was extremely pleased with you.
You were hungry.

You visited 1 branch of the dungeon, and saw 14 of its levels.
You also visited: Sewer and Ice Cave.

You collected 921 gold pieces.

Inventory:

Hand Weapons
 k - a +4 quarterstaff of holy wrath (weapon)
 n - a +2 great mace of holy wrath
 C - a +4 dire flail
Missiles
 b - 251 stones (quivered)
Armour
 o - a +2 cloak (worn)
 p - a +2 robe of fire resistance
 s - a +0 robe of cold resistance (worn)
 t - a +1 pair of boots (worn)
 z - a +2 helmet (worn)
 H - a +2 robe of the Archmagi
Magical Staves
 F - an uncursed staff of wizardry
Jewellery
 e - a +2 ring of intelligence
 j - an uncursed ring of flight
 v - the ring of Darkness (right hand) {rF+ Int+6 Slay+6}
   (You found it on level 7 of the Dungeon)

   [ring of intelligence]

   It affects your intelligence (+6).
   It affects your accuracy and damage with ranged weapons and melee attacks
   (+6).
   It protects you from fire.
 x - a ring of protection from cold (left hand)
 E - an uncursed ring of protection from fire
Wands
 w - a wand of random effects (70)
 y - a wand of polymorph (5)
 A - a wand of iceblast (8)
 G - a wand of enslavement (7)
Scrolls
 a - 9 scrolls of teleportation
 h - 2 scrolls of blinking
 i - 6 scrolls of identify
 D - 2 scrolls of remove curse
Potions
 c - 2 potions of heal wounds
 f - 2 potions of flight
 g - 3 potions of curing
 l - a potion of magic
 q - 2 potions of stabbing
 r - a potion of resistance
 u - 2 potions of ambrosia
 B - 2 potions of brilliance
Comestibles
 d - 18 rations


   Skills:
 + Level 8.9 Fighting
 + Level 8.1 Maces & Flails
 - Level 6.0 Armour
 + Level 7.1 Dodging
 - Level 2.1 Stealth
 + Level 9.0 Spellcasting
 + Level 10.1 Conjurations
 - Level 0.7 Transmutations
 + Level 11.6 Earth Magic
 + Level 5.3 Evocations


You had 16 spell levels left.
You knew the following spells:

 Your Spells              Type           Power        Failure   Level  Hunger
a - Sandblast             Erth           ######       1%          1    None
b - Stone Arrow           Conj/Erth      ######       1%          3    None
c - Lee's Rapid Deconstr  Erth           ######....   1%          5    ####...
d - Irradiate             Conj/Tmut      #####.....   4%          5    ####...

Your spell library contained the following spells:

 Spells                   Type           Power        Failure   Level  Hunger
 Orb of Destruction       Conj           ######....   17%         7    #######
 Shock                    Conj/Air       ####         1%          1    None
 Passwall                 Tmut/Erth      #####...     1%          2    None
 Static Discharge         Conj/Air       #####...     1%          3    None
 Petrify                  Tmut/Erth      #####...     3%          4    #......
 Corona                   Hex            ##.....      4%          1    None
 Inner Flame              Hex/Fire       ##......     4%          3    None
 Leda's Liquefaction      Hex/Erth       #####.....   4%          4    #......
 Lightning Bolt           Conj/Air       #####.....   4%          5    ####...
 Slow                     Hex            ##......     7%          2    None
 Swiftness                Chrm/Air       ##......     7%          2    None
 Airstrike                Air            ##........   13%         4    #......
 Portal Projectile        Hex/Tloc       ##....       14%         3    None
 Cause Fear               Hex            ##........   43%         4    #......


Dungeon Overview and Level Annotations

Branches:
Dungeon (14/15)            Temple (0/1) D:6            Lair (0/6) D:11
    Orc (0/2) D:11         Vaults (0/5) D:13          Sewer (visited)
  IceCv (1/1)

Altars:
Fedhas
Hepliaklqana
Kikubaaqudgha
Makhleb
Ru
Vehumet
Xom
The Shining One

Shops:
D:4 (   D:5 }   D:7 %

Annotations:
D:5 2 transporters, balackLT's ghost, novice GrFi


Innate Abilities, Weirdness & Mutations

You are resistant to torment.
Your stone body is resilient. (AC +9)
You are immune to poison.
You resist negative energy. (rN+)
You are resistant to electric shocks. (rElec)
You can survive without breathing.
You are immune to petrification.
You are immune to rotting.
Your mind is acute. (Int +2)
Your muscles are strong. (Str +2)


Message History

The ice devil is almost dead.
The ice devil misses you.
Casting: Stone Arrow (safe; 1% risk of failure)
Confirm with . or Enter, or press ? or * to list all spells.
Aiming: Stone Arrow (safe; 1% risk of failure)
Press: ? - help, Shift-Dir - straight line, f/p - ice devil
Aim: an ice devil (almost dead)
The stone arrow misses the ice devil.
The ice devil hits you.
* * * LOW HITPOINT WARNING * * *
The ice devil freezes you. You resist.
* * * LOW HITPOINT WARNING * * *
Casting: Stone Arrow (safe; 1% risk of failure)
Confirm with . or Enter, or press ? or * to list all spells.
Aiming: Stone Arrow (safe; 1% risk of failure)
Press: ? - help, Shift-Dir - straight line, f/p - ice devil
Aim: an ice devil (almost dead)
The stone arrow hits the ice devil.
The ice devil is almost dead.
The ice devil hits you!
You die...

##### ##...##
##.....##
#...∩...#
#...∩...#
##.....##
##..@## #..4##
##...# ##...#
#...## ##...##
#.....#
#...........#
.............#


You could see an ice devil.

Vanquished Creatures
  2 entropy weavers (D:12)
  Erolcha (D:12)
  A hydra (D:12)
  2 centaur warriors (D:13)
  A two-headed ogre (D:13)
  A queen ant (D:12)
  A skeletal warrior (D:13)
  An unseen horror (D:13)
  A wolf spider zombie (D:14)
  Pikel (D:9)
  An orc knight (D:13)
  4 ugly things
  A cyclops (D:12)
  A deep elf mage (D:14)
  Joseph (D:8)
  Psyche (D:8)
  Maggie (D:8)
  A kobold demonologist (D:14)
  3 ice devils (IceCv)
  A tengu conjurer (D:12)
  2 trolls
  3 hippogriffs
  5 slime creatures (D:12)
  A spriggan (D:11)
  A shadow (D:13)
  2 vampires
  14 yaks
  2 hungry ghosts
  2 basilisks
  A wyvern (D:14)
  16 humans (D:13)
  2 vampire mosquitoes (D:12)
  16 soldier ants (D:12)
  A water moccasin (D:6)
  2 sky beasts
  4 orc warriors
  2 ice beasts
  2 black bears
  7 phantoms
  5 ogres
  13 centaurs
  A big kobold (shapeshifter) (D:9)
  A wyvern zombie (D:6)
  14 bullfrogs
  Blork the orc (D:4)
  2 wyvern skeletons
  9 killer bees
  3 troll zombies (D:11)
  2 scorpions
  13 wights
  10 howler monkeys
  2 vampire bats (D:8)
  6 crimson imps
  A quasit (D:12)
  A bullfrog zombie (D:5)
  5 centaur zombies
  5 jellies
  A bullfrog skeleton (D:5)
  A centaur skeleton (D:11)
  6 orc priests
  6 hounds
  5 orc wizards
  7 iguanas
  Crazy Yiuf (D:3)
  23 worker ants
  3 ogre zombies (D:11)
  A hound skeleton (D:7)
  4 gnolls (D:7)
  12 adders
  4 shadow imps
  An adder zombie (D:9)
  4 oozes
  6 worms
  2 dart slugs (D:1)
  7 leopard geckos
  46 orcs
  2 bat skeletons (D:8)
  4 bat zombies (D:8)
  5 giant cockroaches
  9 goblins
  11 hobgoblins
  12 jackals
  11 kobolds
  3 quokkas
  4 ball pythons
  20 bats
  3 frilled lizards
  3 goblin zombies (D:11)
  A hobgoblin skeleton (D:11)
  2 hobgoblin zombies (D:11)
  An orc skeleton (D:11)
  12 orc zombies (D:11)
  A quokka zombie (D:5)
  4 rats
454 creatures vanquished.

Vanquished Creatures (others)
  A two-headed ogre (D:9)
  4 slaves (D:9)
  A hound (D:5)
  A jelly (D:5)
  An iguana (D:9)
  A killer bee zombie (D:9)
  3 orcs (D:9)
12 creatures vanquished.

Grand Total: 466 creatures vanquished

Notes
Turn   | Place    | Note
-------+----------+-------------------------------------------
     0 | D:1      | Haet the Gargoyle Earth Elementalist began the quest for
                  | the Orb.
     0 | D:1      | Reached XP level 1. HP: 10/10 MP: 3/3
   170 | D:1      | Reached XP level 2. HP: 12/15 MP: 5/5
   179 | D:1      | Reached skill level 4 in Earth Magic
   242 | D:1      | Found a shimmering altar of Xom.
   385 | D:1      | Reached XP level 3. HP: 6/19 MP: 2/6
   390 | D:1      | Learned a level 3 spell: Stone Arrow
  1357 | D:2      | Reached skill level 1 in Conjurations
  1753 | D:2      | Reached XP level 4. HP: 24/24 MP: 8/8
  1881 | D:2      | Found a burning altar of Makhleb.
  2476 | D:3      | Found a runed translucent door.
  2477 | D:3      | Noticed Crazy Yiuf
  2484 | D:3      | Killed Crazy Yiuf
  2484 | D:3      | Reached skill level 5 in Earth Magic
  2484 | D:3      | Reached XP level 5. HP: 23/28 MP: 4/9
  2537 | D:3      | Learned a level 5 spell: Lee's Rapid Deconstruction
  2737 | D:3      | Noticed an ogre
  2742 | D:3      | Killed an ogre
  2742 | D:3      | Reached XP level 6. HP: 30/32 MP: 5/11
  2853 | D:3      | Found a glowing golden altar of the Shining One.
  3204 | D:4      | Noticed Blork the orc
  3222 | D:4      | Killed Blork the orc
  3222 | D:4      | Reached skill level 6 in Earth Magic
  3251 | D:4      | Reached XP level 7. HP: 22/36 MP: 5/13
  3399 | D:4      | Found Syxoto Ezif's Weapon Emporium.
  3403 | D:4      | Found a glowing drain.
  3414 | Sewer    | Entered a sewer
  4322 | D:5      | Entered Level 5 of the Dungeon
  4348 | D:5      | Found a radiant altar of Vehumet.
  4356 | D:5      | Became a worshipper of Vehumet
  4480 | D:5      | Found a sacrificial altar of Ru.
  4484 | D:5      | Found a blossoming altar of Fedhas.
  4532 | D:5      | Reached skill level 1 in Fighting
  4532 | D:5      | Reached skill level 1 in Maces & Flails
  4532 | D:5      | Reached skill level 1 in Armour
  4532 | D:5      | Reached skill level 7 in Earth Magic
  4532 | D:5      | Reached XP level 8. HP: 37/43 MP: 0/15
  4718 | D:5      | Found Lafull's Gadget Shoppe.
  4782 | D:5      | Reached skill level 5 in Spellcasting
  4896 | D:5      | Reached skill level 5 in Conjurations
  5121 | D:5      | Found a transporter.
  5121 | D:5      | Found a transporter.
  5124 | D:5      | Noticed balackLT's ghost (novice GrFi)
  6141 | D:6      | Reached XP level 9. HP: 27/49 MP: 17/17
  6402 | D:6      | Found a staircase to the Ecumenical Temple.
  6487 | D:6      | Reached * piety under Vehumet
  6487 | D:6      | Offered knowledge of Shock by Vehumet.
  7214 | D:7      | Reached skill level 8 in Earth Magic
  7231 | D:7      | Reached ** piety under Vehumet
  7243 | D:7      | Offered knowledge of Foxfire by Vehumet.
  7363 | D:7      | Got a brightly glowing granite ring
  7364 | D:7      | Identified the ring of Darkness {rF+ Int+6 Slay+6} (You
                  | found it on level 7 of the Dungeon)
  7384 | D:7      | Found a glowing golden altar of the Shining One.
  7544 | D:7      | Found Aczos's Food Boutique.
  7631 | D:8      | Found a hazy altar of Hepliaklqana.
  7635 | D:8      | Noticed Joseph
  7649 | D:8      | Killed Joseph
  7748 | D:8      | Noticed Maggie
  7759 | D:8      | Killed Maggie
  7759 | D:8      | Reached XP level 10. HP: 58/58 MP: 6/19
  7879 | D:8      | Noticed Psyche
  7891 | D:8      | Killed Psyche
  8203 | D:8      | Found an ancient bone altar of Kikubaaqudgha.
  8656 | D:9      | Noticed Pikel
  8660 | D:9      | Noticed a two-headed ogre
  8662 | D:9      | Killed Pikel
  8662 | D:9      | Reached skill level 5 in Fighting
  8662 | D:9      | Reached skill level 5 in Armour
  8669 | D:9      | Killed a two-headed ogre
  8669 | D:9      | Reached skill level 9 in Earth Magic
  8686 | D:9      | Offered knowledge of Searing Ray by Vehumet.
  8717 | D:9      | Reached *** piety under Vehumet
  9309 | D:10     | Entered Level 10 of the Dungeon
  9433 | D:10     | Reached skill level 5 in Maces & Flails
  9701 | D:10     | Reached XP level 11. HP: 61/64 MP: 21/21
  9743 | D:10     | Gained mutation: Your muscles are strong. (Str +2) [potion
                  | of mutation]
  9743 | D:10     | Gained mutation: Your mind is acute. (Int +2) [potion of
                  | mutation]
  9804 | D:10     | Noticed a white ugly thing
  9814 | D:10     | Killed a white ugly thing
  9814 | D:10     | Reached skill level 5 in Dodging
  9947 | D:10     | Offered knowledge of Conjure Flame by Vehumet.
 10401 | D:11     | Found a staircase to the Orcish Mines.
 10418 | D:11     | Reached **** piety under Vehumet
 10451 | D:11     | Offered knowledge of Olgreb's Toxic Radiance by Vehumet.
 10534 | D:11     | Reached skill level 1 in Evocations
 10625 | D:11     | Found a radiant altar of Vehumet.
 10688 | D:11     | Noticed a cyan ugly thing
 10701 | D:11     | Killed a cyan ugly thing
 10864 | D:11     | Found a staircase to the Lair.
 11052 | D:12     | Noticed a brown ugly thing
 11070 | D:12     | Killed a brown ugly thing
 11070 | D:12     | Reached skill level 10 in Earth Magic
 11115 | D:12     | Reached ***** piety under Vehumet
 11128 | D:12     | Offered knowledge of Irradiate by Vehumet.
 11135 | D:12     | Learned a level 5 spell: Irradiate
 11471 | D:12     | Noticed Erolcha
 11475 | D:12     | Noticed a queen ant
 11477 | D:12     | Killed Erolcha
 11477 | D:12     | Reached XP level 12. HP: 35/72 MP: 9/23
 11479 | D:12     | Killed a queen ant
 11480 | D:12     | Noticed a four-headed hydra
 11485 | D:12     | Killed a four-headed hydra
 12531 | D:12     | Noticed an entropy weaver
 12536 | D:12     | Killed an entropy weaver
 12571 | D:12     | Noticed an entropy weaver
 12583 | D:12     | Killed an entropy weaver
 12583 | D:12     | Reached skill level 11 in Earth Magic
 13028 | D:13     | Found a gate to the Vaults.
 13028 | D:13     | Noticed a two-headed ogre
 13028 | D:13     | Noticed a centaur warrior
 13028 | D:13     | Noticed a centaur warrior
 13033 | D:13     | Killed a centaur warrior
 13033 | D:13     | Killed a centaur warrior
 13033 | D:13     | Killed a two-headed ogre
 13033 | D:13     | Reached XP level 13. HP: 54/78 MP: 25/25
 13033 | D:13     | Offered knowledge of Orb of Destruction by Vehumet.
 13494 | D:13     | Reached skill level 5 in Evocations
 13786 | D:13     | Reached skill level 10 in Conjurations
 13994 | D:14     | Found a frozen archway.
 14017 | IceCv    | Entered an ice cave
 14307 | IceCv    | Slain by an ice devil

Levels and vault maps discovered:
D:1:      wheals_arrival_shading, layout_loops_ring, xom_teletrap_fun
D:2:      layout_loops_corners, bloody_makhleb
D:3:      layout_basic, tso_metal_star, uniq_crazy_yiuf_cottage
D:4:      layout_basic, portal_sewer_entry_d, serial_shops, nicolae_shop_trees,
          uniq_blork_the_orc
D:5:      layout_cave_pools, nicolae_overflow_hidden_temple,
          fiery_altar_vehumet, first_ration, gammafunk_ghost_hive, serial_shops,
          shop
D:6:      layout_basic, minmay_temple_entry_grid, minmay_misc_feat_rugged,
          grunt_ministairs_10
D:7:      layout_rooms, serial_shops, shop, basic_altar
D:8:      layout_loops_corners, kennysheep_vampire_church, basic_altar,
          uniq_maggie, uniq_psyche, uniq_joseph
D:9:      layout_basic, uniq_pikel
D:10:     layout_roguey
D:11:     layout_roguey, lair_entry_dummy, zombieorc1_lemuel, basic_altar,
          the_bakery
D:12:     layout_layer_cave, zaba_antful_of_joy, uniq_erolcha
D:13:     layout_loops_ring, david_vaults_3
D:14:     layout_cave_pools, portal_ice_cave_entry_pillars_2, minivault_4
IceCv:    ice_cave_tombish

Skill      XL: |  1  2  3  4  5  6  7  8  9 10 11 12 13 |
---------------+----------------------------------------+-----
Earth Magic    | 4 5 6 7 8 9 10 11 | 11.6
Conjurations   | 1 2 3 4 5 6 7 8 9 10 | 10.1
Spellcasting   | 3 4 5 6 7 8 9 |  9.0
Fighting       | 1 2 4 5 7 8 |  8.9
Maces & Flails | 1 2 4 5 6 7 8 |  8.1
Armour         | 1 2 4 5 6 |  6.0
Dodging        | 2 3 4 5 6 7 |  7.1
Evocations     | 2 4 5 |  5.3
Stealth        | |  2.1
Transmutations | |  0.7

Action                   |  1- 3 |  4- 6 |  7- 9 | 10-12 | 13-15 || total
-------------------------+-------+-------+-------+-------+-------++-------
Melee: Club              |    66 |       |       |       |       ||    66
       Unarmed           |     3 |       |       |       |       ||     3
       Mace              |    88 |   112 |   279 |       |       ||   479
       Quarterstaff      |       |       |     1 |   384 |    76 ||   461
Throw: Throwing net      |       |       |     1 |       |       ||     1
 Cast: Sandblast         |    24 |    29 |    48 |    70 |     9 ||   180
       Stone Arrow       |       |     6 |    50 |    65 |    34 ||   155
       Lee's Rapid Decon |       |       |    13 |    28 |    11 ||    52
Evoke: Wand              |       |       |       |    10 |     1 ||    11
  Use: Scroll            |       |    10 |    13 |    10 |     1 ||    34
       Potion            |       |     1 |     6 |     1 |       ||     8
 Stab: Sleeping          |       |       |     7 |    10 |       ||    17
       Distracted        |       |       |     1 |       |       ||     1
       Paralysed         |       |       |       |     5 |       ||     5
  Eat: Chunk             |     3 |     5 |    11 |    21 |     5 ||    45
       Ration            |       |       |     3 |     1 |       ||     4
Armor: Robe              |    82 |    58 |   234 |   239 |    38 ||   651
Dodge: Dodged            |   149 |    99 |   319 |   343 |    74 ||   984

Table legend:
 A = Non-vault XP
 B = Vault XP
 C = Vault XP percentage of total XP
 D = Non-vault monster count
 E = Vault monster count
 F = Vault count percentage of total count
                 A         B        C        D         E       F
            +---------+---------+-------+---------+---------+-------
      Total |   26873 |   18229 |  40.4 |     332 |     124 |  27.2
            +---------+---------+-------+---------+---------+-------
        D:1 |      52 |       0 |   0.0 |      29 |       0 |   0.0
        D:2 |      75 |       0 |   0.0 |      27 |       0 |   0.0
        D:3 |     236 |      36 |  13.2 |      21 |       1 |   4.5
        D:4 |     465 |      98 |  17.4 |      13 |       2 |  13.3
        D:5 |     610 |       0 |   0.0 |      19 |       0 |   0.0
        D:6 |    1527 |       0 |   0.0 |      36 |       0 |   0.0
        D:7 |     843 |       0 |   0.0 |      20 |       0 |   0.0
        D:8 |     636 |    1380 |  68.5 |      10 |      11 |  52.4
        D:9 |    1916 |     593 |  23.6 |      24 |       1 |   4.0
       D:10 |    2401 |       0 |   0.0 |      20 |       0 |   0.0
       D:11 |    2123 |     967 |  31.3 |      29 |      29 |  50.0
       D:12 |    8245 |    7746 |  48.4 |      44 |      35 |  44.3
       D:13 |    4721 |    6321 |  57.2 |      29 |      20 |  40.8
       D:14 |    3023 |       0 |   0.0 |      11 |       0 |   0.0
      Sewer |       0 |      61 | 100.0 |       0 |      22 | 100.0
      IceCv |       0 |    1027 | 100.0 |       0 |       3 | 100.0
            +---------+---------+-------+---------+---------+-------
